River Frogs vs Condors

Created - January 4, 2021 at 21:47

Goals
1 2 3 T
River Frogs 2 1 1 4
Condors 2 0 3 5
Shots
1 2 3 T
River Frogs 9 18 10 37
Condors 17 13 14 44

1st period

1. Condors , Tyler Bozak 12 (Mark Jankowski 16) at 5:04
2. River Frogs , Jared Knight 6 (Justin Florek 10, Christian Hanson 18) at 10:22
3. River Frogs , Emerson Etem 28 (Christian Hanson 19, Shea Theodore 21) at 10:38
4. Condors , Anton Slepyshev 20 (Tyler Bozak 17, Carl Gunnarsson 20) at 11:00

Penalties :
Joakim Nordstrom (Lou) for Tripping (Minor) at 1:40

2nd period

5. River Frogs , Bobby Farnham 5 (Justin Florek 11, Jared Knight 10) at 9:44

Penalties :
Tyler Bozak (Bak) for Hooking (Minor) at 12:52

3rd period

6. Condors , Marc-André Bourdon 2 (Tyler Bozak 18, Anton Slepyshev 20) at 7:13
7. Condors , Tyler Bozak 13 (Nail Yakupov 19, Andrew Mangiapane 11) at 12:32 (PP)
8. River Frogs , Dominik Simon 10 (Matt Calvert 13, Shea Theodore 22) at 14:55
9. Condors , Christian Thomas 9 (Mark Jankowski 17, Daniel Zaar 10) at 18:54

Penalties :
Carl Gunnarsson (Bak) for Holding (Minor) at 3:57, Shea Theodore (Lou) for Roughing (Minor) at 11:30, Timothy Kunes (Lou) for Holding Stick (Minor) at 11:50

Goalie Stats

Thomas Greiss (Lou), 39 saves from 44 shots - (0.886), L, 12-10-0, 59:19 minutes
Mackenzie Blackwood (Bak), 33 saves from 37 shots - (0.892), W, 11-9-1, 60:00 minutes

Players Stats for River Frogs

Player Name              G  A  P  +/- PIM S  H  SB GA TA FO     MP     PP MP  PK MP  
------------------------------------------------------------------------------------
Aaron Ness               0  0  0  -1  0   0  1  1  1  0  0/0     9:39   0:00   0:00 
Andrew Gordon            0  0  0  -1  0   4  2  0  2  0  1/2    20:47   2:02   0:57 
Beau Starrett            0  0  0   0  0   0  0  0  0  0  0/0     0:00   0:00   0:00 
Bobby Farnham            1  0  1   2  0   2  0  1  1  1  0/1    11:56   0:00   0:00 
Cameron Hughes           0  0  0   0  0   0  0  0  0  0  0/0     0:00   0:00   0:00 
Christian Hanson         0  2  2  -1  0   2  2  0  0  2  20/31  23:13   2:00   2:26 
David Kolomatis          0  0  0  -1  0   0  0  1  0  0  0/0    12:04   0:00   1:27 
Dillon Heatherington     0  0  0   0  0   0  0  0  0  0  0/0     4:55   0:00   0:00 
Dominik Simon            1  0  1   0  0   3  1  0  0  0  8/11   14:59   1:47   0:00 
Emerson Etem             1  0  1  -1  0   9  0  2  0  1  5/8    23:55   2:00   3:08 
Francis Perron           0  0  0   0  0   0  0  0  0  0  1/1     0:13   0:00   0:13 
Jared Knight             1  1  2   2  0   3  2  0  0  0  3/7    11:56   0:00   0:00 
Joakim Nordstrom         0  0  0  -1  2   0  0  0  0  0  0/0     8:02   0:00   0:13 
Justin Florek            0  2  2   2  0   3  0  1  1  0  0/0    11:56   0:00   0:00 
Matt Calvert             0  1  1   0  0   4  0  1  1  0  0/0    15:56   1:47   0:57 
Matt Grzelcyk            0  0  0   0  0   0  0  0  0  0  0/0     4:55   0:00   0:00 
Maxim Mamin              0  0  0   0  0   0  0  0  0  0  0/0     0:11   0:11   0:00 
Mitch Marner             0  0  0  -1  0   0  0  0  0  0  0/0     7:52   0:03   0:00 
Morgan Rielly            0  0  0   1  0   1  2  0  1  1  0/0    18:16   1:51   1:15 
Nikita Zadorov           0  0  0   0  0   1  2  3  0  1  0/0    27:10   2:07   3:03 
Ondrej Kase              0  0  0   0  0   1  1  0  0  1  0/0    14:59   1:47   0:00 
Richard Nejezchleb       0  0  0   0  0   0  0  0  0  0  0/0     0:17   0:17   0:00 
Ryan Fitzgerald          0  0  0  -1  0   0  0  0  0  0  1/4     7:49   0:00   0:00 
Shea Theodore            0  2  2   1  2   3  0  0  0  0  0/0    18:15   1:51   1:15 
Timothy Kunes            0  0  0   0  2   1  4  1  1  0  0/0    25:42   2:07   1:35 

Players Stats for Condors

Player Name              G  A  P  +/- PIM S  H  SB GA TA FO     MP     PP MP  PK MP  
------------------------------------------------------------------------------------
Alex Tuch                0  0  0   2  0   1  3  0  1  0  1/1    19:10   2:26   0:00 
Andrew Mangiapane        0  1  1   0  0   1  1  1  0  0  0/0    15:59   1:52   1:28 
Anton Slepyshev          1  1  2   2  0   6  1  0  3  0  0/3    20:15   2:26   0:00 
Brett Lernout            0  0  0   0  0   0  0  0  0  0  0/0     0:38   0:00   0:00 
C.J Suess                0  0  0  -1  0   2  1  1  0  2  0/0     8:06   0:00   0:00 
Carl Gunnarsson          0  1  1  -1  2   2  4  2  0  2  0/0    23:41   2:50   0:22 
Chris Bigras             0  0  0  -1  0   1  0  1  0  0  0/0    16:22   0:00   2:02 
Christian Thomas         1  0  1  -1  0   3  0  0  1  0  1/1    12:49   0:00   0:36 
Daniel Zaar              0  1  1  -1  0   2  1  2  0  0  0/0    11:50   0:00   0:00 
Eric Gustafsson          0  0  0  -1  0   3  0  1  1  0  0/0    26:47   1:28   1:34 
Erik Cernak              0  0  0  -1  0   0  2  1  0  1  0/0    12:58   0:00   0:52 
Frederik Gauthier        0  0  0   0  0   2  1  2  0  1  7/17   16:58   2:26   0:18 
Louis Leblanc            0  0  0  -1  0   1  1  0  0  0  2/6     9:37   0:00   1:31 
Marc-André Bourdon       1  0  1   2  0   1  0  1  0  0  0/0    20:00   2:50   1:04 
Mark Jankowski           0  2  2  -1  0   5  2  0  1  1  4/8    14:41   0:00   1:54 
Mikko Lehtonen           0  0  0  -1  0   0  0  0  0  0  0/0     8:06   0:00   0:00 
Nail Yakupov             0  1  1   0  0   6  2  0  0  0  0/0    18:27   1:52   1:54 
Tyler Bozak              2  2  4   2  2   6  3  1  0  0  11/29  19:06   1:52   0:15 
Zac Leslie               0  0  0   2  0   2  2  0  0  1  0/0    20:30   1:28   2:02 

3 Stars

1 - Tyler Bozak (Bak)
2 - Anton Slepyshev (Bak)
3 - Jared Knight (Lou)

Power Play

River Frogs - 0 on 2 Attempt(s) - 0.00%
Condors - 1 on 3 Attempt(s) - 33.33%

Penalty Kill

River Frogs - 2 on 3 Attempt(s) - 66.67% - Score 0 goal in Penalty Kill
Condors - 2 on 2 Attempt(s) - 100.00% - Score 0 goal in Penalty Kill

Team Stat

River Frogs - Hits : 17 - Faceoff Wins : 39 - Blocked Shots : 11 - Penalty Minutes : 6
Condors - Hits : 24 - Faceoff Wins : 26 - Blocked Shots : 13 - Penalty Minutes : 4

Official

Referees : Unknown
Linesman : Unknown

Game Notes

18:54 of 3rd period - Condors goal is going for a video replay. After video review, Goal.

Finance

Level 1 -- Attendance: 1312 (65.60%) -- Ticket Income $52,480
Level 2 -- Attendance: 677 (67.70%) -- Ticket Income $13,540
Total Attendance: 1989 (66.30%)
Total Ticket Income: $66,020
Other Income: $3,301
Total Income: $69,321

River Frogs

5 vs 5 Forward 
   Center                   Left Wing                Right Wing               Time % Phy DF OF 
 1 Christian Hanson         Emerson Etem             Andrew Gordon            40     1   2  2  
 2 Dominik Simon            Matt Calvert             Ondrej Kase              30     1   2  2  
 3 Jared Knight             Justin Florek            Bobby Farnham            20     1   2  2  
 4 Ryan Fitzgerald          Joakim Nordstrom         Mitch Marner             10     1   2  2  

5 vs 5 Defense 
   Defense                  Defense                                           Time % Phy DF OF 
 1 Nikita Zadorov           Timothy Kunes                                     40     1   2  2  
 2 Morgan Rielly            Shea Theodore                                     30     1   2  2  
 3 Aaron Ness               David Kolomatis                                   20     1   2  2  
 4 Dillon Heatherington     Matt Grzelcyk                                     10     1   2  2  

PowerPlay Forward 
   Center                   Left Wing                Right Wing               Time % Phy DF OF 
 1 Christian Hanson         Emerson Etem             Andrew Gordon            60     1   2  2  
 2 Dominik Simon            Matt Calvert             Ondrej Kase              40     1   2  2  

PowerPlay Defense
   Defense                  Defense                                           Time % Phy DF OF 
 1 Nikita Zadorov           Timothy Kunes                                     60     1   2  2  
 2 Morgan Rielly            Shea Theodore                                     40     1   2  2  

Penalty Kill 4 Players Forward 
   Center                   Wing                     Time % Phy DF OF 
 1 Emerson Etem             Christian Hanson         60     1   2  2  
 2 Andrew Gordon            Matt Calvert             40     1   2  2  

Penalty Kill 4 Players Defense
   Defense                  Defense                  Time % Phy DF OF 
 1 Nikita Zadorov           Timothy Kunes            60     1   2  2  
 2 Morgan Rielly            Shea Theodore            40     1   2  2  

Penalty Kill - 3 Players Forward 
   Forward                                           Time % Phy DF OF 
 1 Emerson Etem                                      60     1   2  2  
 2 Christian Hanson                                  40     1   2  2  

Penalty Kill - 3 Players Defense
   Defense                  Defense                  Time % Phy DF OF 
 1 Nikita Zadorov           Timothy Kunes            60     1   2  2  
 2 Morgan Rielly            Shea Theodore            40     1   2  2  

4 vs 4 Forward 
   Center                   Wing                     Time % Phy DF OF 
 1 Emerson Etem             Christian Hanson         60     1   2  2  
 2 Andrew Gordon            Matt Calvert             40     1   2  2  

4 vs 4 Defense
   Defense                  Defense                  Time % Phy DF OF 
 1 Nikita Zadorov           Timothy Kunes            60     1   2  2  
 2 Morgan Rielly            Shea Theodore            40     1   2  2  

Last Minutes Offensive
   Center                   Left Wing                Right Wing               Defense                  Defense                  
   Christian Hanson         Emerson Etem             Andrew Gordon            Nikita Zadorov           Timothy Kunes            

Last Minutes Defensive
   Center                   Left Wing                Right Wing               Defense                  Defense                  
   Christian Hanson         Emerson Etem             Andrew Gordon            Nikita Zadorov           Timothy Kunes            

Goaltenders
Starting : Thomas Greiss            
Backup : Eric Comrie              

Extra Forwards
Normal : Richard Nejezchleb, Maxim Mamin, Francis Perron - PP : Richard Nejezchleb, Maxim Mamin - PK : Francis Perron
Extra Defensemen
Normal : Aaron Ness, David Kolomatis, Dillon Heatherington - PP : Aaron Ness - PK : David Kolomatis, Dillon Heatherington
Penalty Shots
Emerson Etem, Christian Hanson, Andrew Gordon, Matt Calvert, Justin Florek

Scratches
Austin Watson (Sprained Right Ankle Injury), Phoenix Copley (Healthy)

Condors

5 vs 5 Forward 
   Center                   Left Wing                Right Wing               Time % Phy DF OF 
 1 Tyler Bozak              Anton Slepyshev          Alex Tuch                40     1   2  2  
 2 Frederik Gauthier        Andrew Mangiapane        Nail Yakupov             30     1   2  2  
 3 Mark Jankowski           Christian Thomas         Daniel Zaar              20     1   2  2  
 4 Louis Leblanc            C.J Suess                Mikko Lehtonen           10     1   2  2  

5 vs 5 Defense 
   Defense                  Defense                                           Time % Phy DF OF 
 1 Carl Gunnarsson          Eric Gustafsson                                   40     1   2  2  
 2 Zac Leslie               Marc-André Bourdon                                30     1   2  2  
 3 Chris Bigras             Erik Cernak                                       20     1   2  2  
 4 Chris Bigras             Eric Gustafsson                                   10     1   2  2  

PowerPlay Forward 
   Center                   Left Wing                Right Wing               Time % Phy DF OF 
 1 Frederik Gauthier        Anton Slepyshev          Alex Tuch                60     0   2  3  
 2 Tyler Bozak              Andrew Mangiapane        Nail Yakupov             40     0   2  3  

PowerPlay Defense
   Defense                  Defense                                           Time % Phy DF OF 
 1 Carl Gunnarsson          Marc-André Bourdon                                60     0   2  3  
 2 Zac Leslie               Eric Gustafsson                                   40     0   2  3  

Penalty Kill 4 Players Forward 
   Center                   Wing                     Time % Phy DF OF 
 1 Mark Jankowski           Nail Yakupov             60     0   3  2  
 2 Frederik Gauthier        Mark Jankowski           40     0   3  2  

Penalty Kill 4 Players Defense
   Defense                  Defense                  Time % Phy DF OF 
 1 Carl Gunnarsson          Eric Gustafsson          60     0   3  2  
 2 Zac Leslie               Chris Bigras             40     0   3  2  

Penalty Kill - 3 Players Forward 
   Forward                                           Time % Phy DF OF 
 1 Mark Jankowski                                    60     1   2  2  
 2 Nail Yakupov                                      40     1   2  2  

Penalty Kill - 3 Players Defense
   Defense                  Defense                  Time % Phy DF OF 
 1 Carl Gunnarsson          Eric Gustafsson          60     1   2  2  
 2 Zac Leslie               Chris Bigras             40     1   2  2  

4 vs 4 Forward 
   Center                   Wing                     Time % Phy DF OF 
 1 Mark Jankowski           Nail Yakupov             60     1   2  2  
 2 Frederik Gauthier        Mark Jankowski           40     1   2  2  

4 vs 4 Defense
   Defense                  Defense                  Time % Phy DF OF 
 1 Carl Gunnarsson          Erik Cernak              60     1   2  2  
 2 Zac Leslie               Eric Gustafsson          40     1   2  2  

Last Minutes Offensive
   Center                   Left Wing                Right Wing               Defense                  Defense                  
   Frederik Gauthier        Anton Slepyshev          Nail Yakupov             Carl Gunnarsson          Eric Gustafsson          

Last Minutes Defensive
   Center                   Left Wing                Right Wing               Defense                  Defense                  
   Frederik Gauthier        Anton Slepyshev          Nail Yakupov             Carl Gunnarsson          Eric Gustafsson          

Goaltenders
Starting : Mackenzie Blackwood      
Backup : Mark Visentin            

Extra Forwards
Normal : Tyler Bozak, Daniel Zaar, Alex Tuch - PP : Tyler Bozak, Daniel Zaar - PK : Louis Leblanc
Extra Defensemen
Normal : Chris Bigras, Brett Lernout, Zac Leslie - PP : Chris Bigras - PK : Marc-André Bourdon, Zac Leslie
Penalty Shots
Tyler Bozak, Nail Yakupov, Frederik Gauthier, Mark Jankowski, Anton Slepyshev

Scratches
Emil Djuse (Healthy), Jacob Larsson (Healthy), Nick Merkley (Healthy), Cole Cassels (Healthy), Jordan Subban (Healthy)
Jeremy Gregoire (Healthy), Connor Hurley (Healthy), Remi Elie (Healthy), Gustav Olofsson (Healthy), Adam Erne (Healthy)
Brett Ritchie (Healthy), Anders Bjork (Healthy), Hunter Smith (Healthy), Mike Smith (Healthy), Jack Campbell (Healthy)

% Time on Ice - River Frogs

Lines # - Real PCT - Wanted PCT - Time Play
Normal Forward
1 - 35% - 40% - 17:42
2 - 26% - 30% - 13:12
3 - 24% - 20% - 11:56
4 - 15% - 10% - 7:49
Normal Defense
1 - 41% - 40% - 20:55
2 - 30% - 30% - 15:10
3 - 19% - 20% - 9:39
4 - 10% - 10% - 4:55
PP Forward
1 - 55% - 60% - 2:11
2 - 45% - 40% - 1:47
PP Defense
1 - 53% - 60% - 2:07
2 - 47% - 40% - 1:51
PK Forward
1 - 74% - 60% - 2:39
2 - 26% - 40% - 0:57
PK Defense
1 - 65% - 60% - 2:21
2 - 35% - 40% - 1:15
PK3 Forward
1 - 100% - 60% - 0:42
2 - 0% - 40% - 0:00
PK3 Defense
1 - 100% - 60% - 0:42
2 - 0% - 40% - 0:00
44 Forward
1 - 0% - 60%
2 - 0% - 40%
44 Defense
1 - 0% - 60%
2 - 0% - 40%
Last Minute Offensive  - 1:05
Last Minute Defensive  - 0:00
Total
Forward - 60:00
Defense - 60:00

% Time on Ice - Condors

Lines # - Real PCT - Wanted PCT - Time Play
Normal Forward
1 - 36% - 40% - 18:04
2 - 25% - 30% - 12:39
3 - 23% - 20% - 11:50
4 - 16% - 10% - 8:06
Normal Defense
1 - 38% - 40% - 19:25
2 - 34% - 30% - 17:00
3 - 22% - 20% - 11:09
4 - 6% - 10% - 3:05
PP Forward
1 - 57% - 60% - 2:26
2 - 43% - 40% - 1:52
PP Defense
1 - 66% - 60% - 2:50
2 - 34% - 40% - 1:28
PK Forward
1 - 100% - 60% - 3:58
2 - 0% - 40% - 0:00
PK Defense
1 - 49% - 60% - 1:56
2 - 51% - 40% - 2:02
PK3 Forward
1 - 0% - 60%
2 - 0% - 40%
PK3 Defense
1 - 0% - 60%
2 - 0% - 40%
44 Forward
1 - 0% - 60%
2 - 0% - 40%
44 Defense
1 - 0% - 60%
2 - 0% - 40%
Last Minute Offensive  - 0:00
Last Minute Defensive  - 1:05
Total
Forward - 60:00
Defense - 60:00

Play-by-Play

1st period


0:01 of 1st period - Christian Hanson wins face-off versus Tyler Bozak in neutral zone.
0:04 of 1st period - Slapshot by Emerson Etem.
0:04 of 1st period - Deflect By Eric Gustafsson.
0:04 of 1st period - Stopped by Mackenzie Blackwood with a rebound.
0:39 of 1st period - Snap shot by Nail Yakupov.
0:39 of 1st period - Stopped by Thomas Greiss without a rebound.
0:40 of 1st period - Frederik Gauthier wins face-off versus Jared Knight in River Frogs zone.
0:45 of 1st period - Snap shot by Frederik Gauthier.
0:45 of 1st period - Stopped by Thomas Greiss without a rebound.
0:46 of 1st period - Jared Knight wins face-off versus Mark Jankowski in River Frogs zone.
0:53 of 1st period - Wrist shot by Justin Florek.
0:53 of 1st period - Shot Blocked by Chris Bigras.
1:20 of 1st period - Slapshot by Dominik Simon.
1:20 of 1st period - Stopped by Mackenzie Blackwood with a rebound.
1:38 of 1st period - Wrist shot by Frederik Gauthier.
1:38 of 1st period - Shot Misses the Net.
1:40 of 1st period - Minor Penalty to Joakim Nordstrom for Tripping.
1:41 of 1st period - Emerson Etem wins face-off versus Frederik Gauthier in River Frogs zone.
1:50 of 1st period - Emerson Etem is hit by Alex Tuch and loses puck.
2:07 of 1st period - Nikita Zadorov is hit by Andrew Mangiapane and loses puck.
2:39 of 1st period - Icing by Zac Leslie.
2:40 of 1st period - Frederik Gauthier wins face-off versus Emerson Etem in Condors zone.
3:29 of 1st period - Shea Theodore is hit by Alex Tuch and loses puck.
3:40 of 1st period - Penalty to Joakim Nordstrom is over, Joakim Nordstrom is back on ice.
3:57 of 1st period - Slapshot by Aaron Ness.
3:57 of 1st period - Deflect By Jared Knight.
3:57 of 1st period - Stopped by Mackenzie Blackwood without a rebound.
3:58 of 1st period - Louis Leblanc wins face-off versus Dominik Simon in Condors zone.
4:47 of 1st period - Wrist shot by Nail Yakupov.
4:47 of 1st period - Stopped by Thomas Greiss with a rebound.
4:49 of 1st period - Slapshot by Frederik Gauthier.
4:49 of 1st period - Shot Hit the Post.
4:51 of 1st period - Slapshot by Andrew Mangiapane.
4:51 of 1st period - Shot Misses the Net.
5:00 of 1st period - Icing by David Kolomatis.
5:01 of 1st period - Ryan Fitzgerald wins face-off versus Mark Jankowski in River Frogs zone.
5:04 of 1st period - Wrist shot by Tyler Bozak.
5:04 of 1st period - Goal by Tyler Bozak - River Frogs : 0 - Condors : 1.
5:05 of 1st period - Christian Hanson wins face-off versus Tyler Bozak in neutral zone.
5:30 of 1st period - Nikita Zadorov is hit by Carl Gunnarsson and loses puck.
5:41 of 1st period - Wrist shot by Mark Jankowski.
5:41 of 1st period - Stopped by Thomas Greiss with a rebound.
6:01 of 1st period - Wrist shot by Matt Calvert.
6:01 of 1st period - Shot Misses the Net.
6:03 of 1st period - Wrist shot by Matt Calvert.
6:03 of 1st period - Shot Blocked by Frederik Gauthier.
6:32 of 1st period - Zac Leslie is hit by Morgan Rielly.
6:58 of 1st period - Shea Theodore is hit by Daniel Zaar and loses puck.
7:19 of 1st period - Snap shot by Frederik Gauthier.
7:19 of 1st period - Stopped by Thomas Greiss with a rebound.
7:21 of 1st period - Wrist shot by Chris Bigras.
7:21 of 1st period - Stopped by Thomas Greiss without a rebound.
7:22 of 1st period - Tyler Bozak wins face-off versus Christian Hanson in River Frogs zone.
7:23 of 1st period - Wrist shot by Anton Slepyshev.
7:23 of 1st period - Stopped by Thomas Greiss with a rebound.
7:25 of 1st period - Wrist shot by Anton Slepyshev.
7:25 of 1st period - Stopped by Thomas Greiss with a rebound.
7:58 of 1st period - Wrist shot by Matt Calvert.
7:58 of 1st period - Stopped by Mackenzie Blackwood without a rebound.
7:59 of 1st period - Christian Hanson wins face-off versus Tyler Bozak in Condors zone.
8:00 of 1st period - Snap shot by Emerson Etem.
8:00 of 1st period - Stopped by Mackenzie Blackwood with a rebound.
8:49 of 1st period - Zac Leslie is hit by Aaron Ness and loses puck.
9:22 of 1st period - Slapshot by C.J Suess.
9:22 of 1st period - Stopped by Thomas Greiss without a rebound.
9:23 of 1st period - Dominik Simon wins face-off versus Tyler Bozak in River Frogs zone.
9:23 of 1st period - Dominik Simon is hit by Alex Tuch.
9:50 of 1st period - Emerson Etem is hit by Nail Yakupov and loses puck.
10:22 of 1st period - Backhand shot by Jared Knight.
10:22 of 1st period - Goal by Jared Knight - River Frogs : 1 - Condors : 1.
10:23 of 1st period - Tyler Bozak wins face-off versus Christian Hanson in neutral zone.
10:36 of 1st period - Slapshot by Christian Hanson.
10:36 of 1st period - Shot Blocked by Eric Gustafsson.
10:38 of 1st period - Snap shot by Emerson Etem.
10:38 of 1st period - Goal by Emerson Etem - River Frogs : 2 - Condors : 1.
10:39 of 1st period - Andrew Gordon wins face-off versus Tyler Bozak in neutral zone.
10:47 of 1st period - Off-side.
10:48 of 1st period - Christian Hanson wins face-off versus Tyler Bozak in neutral zone.
10:51 of 1st period - Anton Slepyshev is hit by Andrew Gordon and loses puck.
10:58 of 1st period - Snap shot by Tyler Bozak.
10:58 of 1st period - Shot Misses the Net.
11:00 of 1st period - Snap shot by Anton Slepyshev.
11:00 of 1st period - Goal by Anton Slepyshev - River Frogs : 2 - Condors : 2.
11:01 of 1st period - Tyler Bozak wins face-off versus Christian Hanson in neutral zone.
11:54 of 1st period - Wrist shot by Daniel Zaar.
11:54 of 1st period - Shot Misses the Net.
12:18 of 1st period - Backhand shot by Joakim Nordstrom.
12:18 of 1st period - Deflect By Mitch Marner.
12:18 of 1st period - Shot Misses the Net.
12:18 of 1st period - Puck is out of play.
12:19 of 1st period - Tyler Bozak wins face-off versus Christian Hanson in Condors zone.
12:19 of 1st period - Tyler Bozak is hit by Andrew Gordon.
12:29 of 1st period - Wrist shot by Tyler Bozak.
12:29 of 1st period - Shot Blocked by Nikita Zadorov.
12:31 of 1st period - Wrist shot by Tyler Bozak.
12:31 of 1st period - Stopped by Thomas Greiss with a rebound.
12:33 of 1st period - Snap shot by Carl Gunnarsson.
12:33 of 1st period - Shot Misses the Net.
12:54 of 1st period - Snap shot by Andrew Mangiapane.
12:54 of 1st period - Stopped by Thomas Greiss with a rebound.
13:51 of 1st period - Icing by Emerson Etem.
13:52 of 1st period - Tyler Bozak wins face-off versus Christian Hanson in River Frogs zone.
13:53 of 1st period - Snap shot by Anton Slepyshev.
13:53 of 1st period - Shot Blocked by David Kolomatis.
14:01 of 1st period - Snap shot by Tyler Bozak.
14:01 of 1st period - Stopped by Thomas Greiss without a rebound.
14:02 of 1st period - Christian Hanson wins face-off versus Tyler Bozak in River Frogs zone.
15:09 of 1st period - Slapshot by Eric Gustafsson.
15:09 of 1st period - Shot Misses the Net.
15:58 of 1st period - David Kolomatis is hit by Erik Cernak and loses puck.
16:17 of 1st period - Zac Leslie is hit by Christian Hanson and loses puck.
16:30 of 1st period - Snap shot by Andrew Gordon.
16:30 of 1st period - Stopped by Mackenzie Blackwood without a rebound.
16:31 of 1st period - Dominik Simon wins face-off versus Tyler Bozak in Condors zone.
16:32 of 1st period - Wrist shot by Ondrej Kase.
16:32 of 1st period - Stopped by Mackenzie Blackwood with a rebound.
16:44 of 1st period - Snap shot by Tyler Bozak.
16:44 of 1st period - Stopped by Thomas Greiss with a rebound.
16:46 of 1st period - Wrist shot by Anton Slepyshev.
16:46 of 1st period - Stopped by Thomas Greiss with a rebound.
16:58 of 1st period - Marc-André Bourdon is hit by Timothy Kunes and loses puck.
17:03 of 1st period - Snap shot by Justin Florek.
17:03 of 1st period - Shot Blocked by Frederik Gauthier.
17:14 of 1st period - Off-side.
17:15 of 1st period - Christian Thomas wins face-off versus Ryan Fitzgerald in neutral zone.
17:25 of 1st period - Icing by David Kolomatis.
17:26 of 1st period - Tyler Bozak wins face-off versus Ryan Fitzgerald in River Frogs zone.
17:35 of 1st period - Snap shot by Anton Slepyshev.
17:35 of 1st period - Shot Blocked by Aaron Ness.
17:41 of 1st period - Snap shot by Tyler Bozak.
17:41 of 1st period - Shot Misses the Net.
18:22 of 1st period - Slapshot by Mark Jankowski.
18:22 of 1st period - Deflect By Daniel Zaar.
18:22 of 1st period - Stopped by Thomas Greiss with a rebound.
18:55 of 1st period - Joakim Nordstrom is hit by Tyler Bozak and loses puck.
19:22 of 1st period - Chris Bigras is hit by Nikita Zadorov and loses puck.
19:44 of 1st period - Slapshot by Shea Theodore.
19:44 of 1st period - Shot Misses the Net.
19:46 of 1st period - Snap shot by Shea Theodore.
19:46 of 1st period - Shot Blocked by Erik Cernak.
Goals for this period are 2 for River Frogs vs 2 for Condors.
Shots for this period are 9 for River Frogs vs 17 for Condors.

2nd period


0:01 of 2nd period - Alex Tuch wins face-off versus Christian Hanson in neutral zone.
0:14 of 2nd period - Snap shot by Anton Slepyshev.
0:14 of 2nd period - Shot Misses the Net.
0:17 of 2nd period - Icing by Shea Theodore.
0:18 of 2nd period - Christian Hanson wins face-off versus Frederik Gauthier in River Frogs zone.
0:52 of 2nd period - Snap shot by Emerson Etem.
0:52 of 2nd period - Stopped by Mackenzie Blackwood without a rebound.
0:53 of 2nd period - Dominik Simon wins face-off versus Tyler Bozak in Condors zone.
1:38 of 2nd period - Snap shot by Dominik Simon.
1:38 of 2nd period - Shot Blocked by Daniel Zaar.
1:40 of 2nd period - Slapshot by Timothy Kunes.
1:40 of 2nd period - Shot Blocked by Marc-André Bourdon.
2:00 of 2nd period - Snap shot by Matt Calvert.
2:00 of 2nd period - Stopped by Mackenzie Blackwood with a rebound.
2:18 of 2nd period - Slapshot by Ondrej Kase.
2:18 of 2nd period - Shot Misses the Net.
2:34 of 2nd period - Wrist shot by Daniel Zaar.
2:34 of 2nd period - Stopped by Thomas Greiss with a rebound.
2:36 of 2nd period - Snap shot by Christian Thomas.
2:36 of 2nd period - Stopped by Thomas Greiss without a rebound.
2:37 of 2nd period - Tyler Bozak wins face-off versus Christian Hanson in River Frogs zone.
2:46 of 2nd period - Snap shot by Anton Slepyshev.
2:46 of 2nd period - Shot Misses the Net.
2:48 of 2nd period - Slapshot by Carl Gunnarsson.
2:48 of 2nd period - Stopped by Thomas Greiss with a rebound.
3:42 of 2nd period - Off-side.
3:43 of 2nd period - Christian Hanson wins face-off versus Tyler Bozak in neutral zone.
4:19 of 2nd period - Snap shot by Andrew Gordon.
4:19 of 2nd period - Shot Misses the Net.
4:23 of 2nd period - Wrist shot by Christian Hanson.
4:23 of 2nd period - Shot Misses the Net.
4:39 of 2nd period - Wrist shot by Christian Hanson.
4:39 of 2nd period - Stopped by Mackenzie Blackwood without a rebound.
4:40 of 2nd period - Frederik Gauthier wins face-off versus Jared Knight in Condors zone.
4:40 of 2nd period - Frederik Gauthier is hit by Jared Knight.
4:47 of 2nd period - Wrist shot by Justin Florek.
4:47 of 2nd period - Stopped by Mackenzie Blackwood with a rebound.
5:05 of 2nd period - Timothy Kunes is hit by Carl Gunnarsson and loses puck.
5:10 of 2nd period - Snap shot by Louis Leblanc.
5:10 of 2nd period - Stopped by Thomas Greiss with a rebound.
5:32 of 2nd period - Wrist shot by Matt Calvert.
5:32 of 2nd period - Stopped by Mackenzie Blackwood without a rebound.
5:33 of 2nd period - Jared Knight wins face-off versus Frederik Gauthier in Condors zone.
5:36 of 2nd period - Slapshot by Shea Theodore.
5:36 of 2nd period - Stopped by Mackenzie Blackwood with a rebound.
6:50 of 2nd period - Wrist shot by Ryan Fitzgerald.
6:50 of 2nd period - Shot Blocked by Carl Gunnarsson.
6:52 of 2nd period - Slapshot by Ryan Fitzgerald.
6:52 of 2nd period - Shot Misses the Net.
7:12 of 2nd period - Slapshot by Carl Gunnarsson.
7:12 of 2nd period - Shot Blocked by Justin Florek.
7:28 of 2nd period - Wrist shot by Tyler Bozak.
7:28 of 2nd period - Shot Misses the Net.
7:30 of 2nd period - Slapshot by Zac Leslie.
7:30 of 2nd period - Deflect By Nikita Zadorov.
7:30 of 2nd period - Stopped by Thomas Greiss without a rebound.
7:31 of 2nd period - Christian Hanson wins face-off versus Frederik Gauthier in River Frogs zone.
7:36 of 2nd period - Wrist shot by Nail Yakupov.
7:36 of 2nd period - Stopped by Thomas Greiss with a rebound.
7:46 of 2nd period - Slapshot by Nail Yakupov.
7:46 of 2nd period - Stopped by Thomas Greiss with a rebound.
9:24 of 2nd period - Snap shot by Ondrej Kase.
9:24 of 2nd period - Shot Blocked by Carl Gunnarsson.
9:26 of 2nd period - Wrist shot by Ondrej Kase.
9:26 of 2nd period - Shot Blocked by Tyler Bozak.
9:36 of 2nd period - Slapshot by Eric Gustafsson.
9:36 of 2nd period - Stopped by Thomas Greiss with a rebound.
9:42 of 2nd period - Slapshot by Justin Florek.
9:42 of 2nd period - Shot Misses the Net.
9:44 of 2nd period - Snap shot by Bobby Farnham.
9:44 of 2nd period - Goal by Bobby Farnham - River Frogs : 3 - Condors : 2.
9:45 of 2nd period - Christian Hanson wins face-off versus Tyler Bozak in neutral zone.
10:21 of 2nd period - Slapshot by Nail Yakupov.
10:21 of 2nd period - Shot Misses the Net.
10:31 of 2nd period - Snap shot by Dominik Simon.
10:31 of 2nd period - Stopped by Mackenzie Blackwood with a rebound.
10:33 of 2nd period - Snap shot by Bobby Farnham.
10:33 of 2nd period - Deflect By Jared Knight.
10:33 of 2nd period - Stopped by Mackenzie Blackwood without a rebound.
10:34 of 2nd period - Mark Jankowski wins face-off versus Jared Knight in Condors zone.
11:09 of 2nd period - Slapshot by Bobby Farnham.
11:09 of 2nd period - Stopped by Mackenzie Blackwood with a rebound.
11:11 of 2nd period - Wrist shot by Justin Florek.
11:11 of 2nd period - Stopped by Mackenzie Blackwood without a rebound.
11:12 of 2nd period - Christian Hanson wins face-off versus Tyler Bozak in Condors zone.
12:21 of 2nd period - Timothy Kunes is hit by Carl Gunnarsson.
12:25 of 2nd period - Wrist shot by Justin Florek.
12:25 of 2nd period - Shot Blocked by Daniel Zaar.
12:52 of 2nd period - Minor Penalty to Tyler Bozak for Hooking.
12:53 of 2nd period - Christian Hanson wins face-off versus Mark Jankowski in Condors zone.
12:53 of 2nd period - Snap shot by Andrew Gordon.
12:53 of 2nd period - Stopped by Mackenzie Blackwood with a rebound.
13:53 of 2nd period - Shea Theodore is hit by Louis Leblanc and loses puck.
14:52 of 2nd period - Penalty to Tyler Bozak is over, Tyler Bozak is back on ice.
15:03 of 2nd period - Eric Gustafsson is hit by Morgan Rielly and loses puck.
15:44 of 2nd period - Snap shot by C.J Suess.
15:44 of 2nd period - Stopped by Thomas Greiss without a rebound.
15:45 of 2nd period - Dominik Simon wins face-off versus Louis Leblanc in River Frogs zone.
16:02 of 2nd period - Emerson Etem is hit by Frederik Gauthier and loses puck.
16:53 of 2nd period - Wrist shot by Anton Slepyshev.
16:53 of 2nd period - Stopped by Thomas Greiss without a rebound.
16:54 of 2nd period - Christian Hanson wins face-off versus Tyler Bozak in River Frogs zone.
17:01 of 2nd period - Slapshot by Shea Theodore.
17:01 of 2nd period - Shot Misses the Net.
17:09 of 2nd period - Snap shot by Alex Tuch.
17:09 of 2nd period - Shot Misses the Net.
17:19 of 2nd period - Morgan Rielly is hit by Nail Yakupov and loses puck.
17:34 of 2nd period - Wrist shot by Christian Thomas.
17:34 of 2nd period - Shot Misses the Net.
17:36 of 2nd period - Snap shot by Mark Jankowski.
17:36 of 2nd period - Stopped by Thomas Greiss without a rebound.
17:37 of 2nd period - Mark Jankowski wins face-off versus Bobby Farnham in River Frogs zone.
17:38 of 2nd period - Wrist shot by Daniel Zaar.
17:38 of 2nd period - Shot Misses the Net.
17:40 of 2nd period - Backhand shot by Mark Jankowski.
17:40 of 2nd period - Shot Misses the Net.
18:02 of 2nd period - Anton Slepyshev is hit by Christian Hanson and loses puck.
18:31 of 2nd period - Snap shot by Frederik Gauthier.
18:31 of 2nd period - Shot Misses the Net.
18:33 of 2nd period - Snap shot by Nail Yakupov.
18:33 of 2nd period - Shot Blocked by Matt Calvert.
18:35 of 2nd period - Slapshot by Eric Gustafsson.
18:35 of 2nd period - Stopped by Thomas Greiss with a rebound.
19:05 of 2nd period - Aaron Ness is hit by Zac Leslie and loses puck.
19:14 of 2nd period - Snap shot by Christian Thomas.
19:14 of 2nd period - Stopped by Thomas Greiss without a rebound.
19:15 of 2nd period - Emerson Etem wins face-off versus Anton Slepyshev in River Frogs zone.
19:29 of 2nd period - Snap shot by Emerson Etem.
19:29 of 2nd period - Stopped by Mackenzie Blackwood without a rebound.
19:30 of 2nd period - Frederik Gauthier wins face-off versus Dominik Simon in Condors zone.
19:30 of 2nd period - Frederik Gauthier is hit by Timothy Kunes.
19:40 of 2nd period - Wrist shot by Matt Calvert.
19:40 of 2nd period - Stopped by Mackenzie Blackwood without a rebound.
19:41 of 2nd period - Christian Hanson wins face-off versus Tyler Bozak in Condors zone.
19:47 of 2nd period - Slapshot by Emerson Etem.
19:47 of 2nd period - Stopped by Mackenzie Blackwood with a rebound.
19:49 of 2nd period - Wrist shot by Andrew Gordon.
19:49 of 2nd period - Stopped by Mackenzie Blackwood with a rebound.
19:51 of 2nd period - Backhand shot by Andrew Gordon.
19:51 of 2nd period - Stopped by Mackenzie Blackwood with a rebound.
19:53 of 2nd period - Snap shot by Andrew Gordon.
19:53 of 2nd period - Shot Misses the Net.
19:55 of 2nd period - Wrist shot by Emerson Etem.
19:55 of 2nd period - Stopped by Mackenzie Blackwood without a rebound.
19:56 of 2nd period - Dominik Simon wins face-off versus Frederik Gauthier in Condors zone.
Goals for this period are 1 for River Frogs vs 0 for Condors.
Shots for this period are 18 for River Frogs vs 13 for Condors.

3rd period


0:01 of 3rd period - Christian Hanson wins face-off versus Anton Slepyshev in neutral zone.
0:14 of 3rd period - Andrew Gordon is hit by Tyler Bozak and loses puck.
0:25 of 3rd period - Emerson Etem is hit by Mark Jankowski and loses puck.
1:06 of 3rd period - Louis Leblanc is hit by Ondrej Kase and loses puck.
1:15 of 3rd period - Ondrej Kase is hit by C.J Suess and loses puck.
1:48 of 3rd period - Justin Florek is hit by Carl Gunnarsson.
1:56 of 3rd period - Slapshot by Timothy Kunes.
1:56 of 3rd period - Stopped by Mackenzie Blackwood with a rebound.
2:08 of 3rd period - Snap shot by Nail Yakupov.
2:08 of 3rd period - Shot Blocked by Timothy Kunes.
2:10 of 3rd period - Snap shot by Andrew Mangiapane.
2:10 of 3rd period - Shot Misses the Net.
3:17 of 3rd period - Icing by Andrew Gordon.
3:18 of 3rd period - Christian Hanson wins face-off versus Louis Leblanc in River Frogs zone.
3:34 of 3rd period - Icing by C.J Suess.
3:35 of 3rd period - Jared Knight wins face-off versus Louis Leblanc in Condors zone.
3:44 of 3rd period - Snap shot by Justin Florek.
3:44 of 3rd period - Shot Blocked by C.J Suess.
3:46 of 3rd period - Slapshot by Shea Theodore.
3:46 of 3rd period - Stopped by Mackenzie Blackwood without a rebound.
3:47 of 3rd period - Christian Hanson wins face-off versus Tyler Bozak in Condors zone.
3:52 of 3rd period - Snap shot by Emerson Etem.
3:52 of 3rd period - Stopped by Mackenzie Blackwood with a rebound.
3:54 of 3rd period - Slapshot by Morgan Rielly.
3:54 of 3rd period - Stopped by Mackenzie Blackwood without a rebound.
3:55 of 3rd period - Tyler Bozak wins face-off versus Christian Hanson in Condors zone.
3:57 of 3rd period - Minor Penalty to Carl Gunnarsson for Holding.
3:58 of 3rd period - Mark Jankowski wins face-off versus Christian Hanson in Condors zone.
5:49 of 3rd period - Erik Cernak is hit by Timothy Kunes and loses puck.
5:57 of 3rd period - Penalty to Carl Gunnarsson is over, Carl Gunnarsson is back on ice.
6:10 of 3rd period - Snap shot by Eric Gustafsson.
6:10 of 3rd period - Shot Blocked by Nikita Zadorov.
6:27 of 3rd period - Slapshot by Eric Gustafsson.
6:27 of 3rd period - Stopped by Thomas Greiss with a rebound.
6:29 of 3rd period - Wrist shot by Carl Gunnarsson.
6:29 of 3rd period - Shot Misses the Net.
6:51 of 3rd period - Wrist shot by Carl Gunnarsson.
6:51 of 3rd period - Shot Misses the Net.
6:53 of 3rd period - Slapshot by Mark Jankowski.
6:53 of 3rd period - Stopped by Thomas Greiss without a rebound.
6:54 of 3rd period - Tyler Bozak wins face-off versus Emerson Etem in River Frogs zone.
6:55 of 3rd period - Snap shot by Anton Slepyshev.
6:55 of 3rd period - Shot Misses the Net.
6:57 of 3rd period - Wrist shot by Alex Tuch.
6:57 of 3rd period - Stopped by Thomas Greiss without a rebound.
6:58 of 3rd period - Tyler Bozak wins face-off versus Andrew Gordon in River Frogs zone.
7:09 of 3rd period - Slapshot by Anton Slepyshev.
7:09 of 3rd period - Shot Misses the Net.
7:11 of 3rd period - Wrist shot by Tyler Bozak.
7:11 of 3rd period - Stopped by Thomas Greiss with a rebound.
7:13 of 3rd period - Wrist shot by Marc-André Bourdon.
7:13 of 3rd period - Goal by Marc-André Bourdon - River Frogs : 3 - Condors : 3.
7:14 of 3rd period - Tyler Bozak wins face-off versus Christian Hanson in neutral zone.
7:46 of 3rd period - Backhand shot by Zac Leslie.
7:46 of 3rd period - Deflect By Tyler Bozak.
7:46 of 3rd period - Shot Misses the Net.
7:46 of 3rd period - Puck is out of play.
7:47 of 3rd period - Frederik Gauthier wins face-off versus Jared Knight in River Frogs zone.
8:37 of 3rd period - Matt Calvert is hit by Anton Slepyshev and loses puck.
9:21 of 3rd period - Snap shot by Nail Yakupov.
9:21 of 3rd period - Shot Misses the Net.
9:23 of 3rd period - Snap shot by Nail Yakupov.
9:23 of 3rd period - Stopped by Thomas Greiss without a rebound.
9:24 of 3rd period - Christian Hanson wins face-off versus Frederik Gauthier in River Frogs zone.
9:35 of 3rd period - Snap shot by Nail Yakupov.
9:35 of 3rd period - Stopped by Thomas Greiss with a rebound.
9:37 of 3rd period - Snap shot by Carl Gunnarsson.
9:37 of 3rd period - Stopped by Thomas Greiss without a rebound.
9:38 of 3rd period - Dominik Simon wins face-off versus Frederik Gauthier in River Frogs zone.
10:30 of 3rd period - Christian Thomas is hit by Jared Knight and loses puck.
10:42 of 3rd period - Off-side.
10:43 of 3rd period - Louis Leblanc wins face-off versus Ryan Fitzgerald in neutral zone.
10:48 of 3rd period - Snap shot by Zac Leslie.
10:48 of 3rd period - Stopped by Thomas Greiss with a rebound.
11:08 of 3rd period - David Kolomatis is hit by Tyler Bozak and loses puck.
11:30 of 3rd period - Minor Penalty to Shea Theodore for Roughing.
11:31 of 3rd period - Frederik Gauthier wins face-off versus Emerson Etem in River Frogs zone.
11:50 of 3rd period - Minor Penalty to Timothy Kunes for Holding Stick.
11:51 of 3rd period - Emerson Etem wins face-off versus Frederik Gauthier in River Frogs zone.
12:05 of 3rd period - Snap shot by Anton Slepyshev.
12:05 of 3rd period - Shot Blocked by Nikita Zadorov.
12:18 of 3rd period - Icing by Carl Gunnarsson.
12:19 of 3rd period - Emerson Etem wins face-off versus Tyler Bozak in Condors zone.
12:32 of 3rd period - Snap shot by Tyler Bozak.
12:32 of 3rd period - Goal by Tyler Bozak - River Frogs : 3 - Condors : 4.
12:33 of 3rd period - Emerson Etem wins face-off versus Frederik Gauthier in neutral zone.
12:46 of 3rd period - Snap shot by Anton Slepyshev.
12:46 of 3rd period - Shot Blocked by Emerson Etem.
12:48 of 3rd period - Snap shot by Alex Tuch.
12:48 of 3rd period - Shot Blocked by Emerson Etem.
13:41 of 3rd period - Icing by Andrew Mangiapane.
13:42 of 3rd period - Francis Perron wins face-off versus Tyler Bozak in Condors zone.
13:50 of 3rd period - Penalty to Timothy Kunes is over, Timothy Kunes is back on ice.
14:01 of 3rd period - Snap shot by Nikita Zadorov.
14:01 of 3rd period - Stopped by Mackenzie Blackwood with a rebound.
14:15 of 3rd period - Nikita Zadorov is hit by Zac Leslie and loses puck.
14:47 of 3rd period - Off-side.
14:48 of 3rd period - Dominik Simon wins face-off versus Louis Leblanc in neutral zone.
14:51 of 3rd period - Snap shot by Shea Theodore.
14:51 of 3rd period - Stopped by Mackenzie Blackwood with a rebound.
14:53 of 3rd period - Slapshot by Matt Calvert.
14:53 of 3rd period - Shot Misses the Net.
14:55 of 3rd period - Snap shot by Dominik Simon.
14:55 of 3rd period - Goal by Dominik Simon - River Frogs : 4 - Condors : 4.
14:56 of 3rd period - Dominik Simon wins face-off versus Tyler Bozak in neutral zone.
15:21 of 3rd period - Justin Florek is hit by Mark Jankowski and loses puck.
15:28 of 3rd period - Snap shot by Daniel Zaar.
15:28 of 3rd period - Deflect By Mark Jankowski.
15:28 of 3rd period - Stopped by Thomas Greiss with a rebound.
15:30 of 3rd period - Wrist shot by Zac Leslie.
15:30 of 3rd period - Shot Blocked by Bobby Farnham.
15:46 of 3rd period - Snap shot by Mitch Marner.
15:46 of 3rd period - Shot Misses the Net.
16:04 of 3rd period - Andrew Mangiapane is hit by Dominik Simon and loses puck.
16:21 of 3rd period - Tyler Bozak is hit by Nikita Zadorov and loses puck.
16:42 of 3rd period - Carl Gunnarsson is hit by Timothy Kunes and loses puck.
17:33 of 3rd period - Snap shot by Anton Slepyshev.
17:33 of 3rd period - Stopped by Thomas Greiss without a rebound.
17:34 of 3rd period - Christian Hanson wins face-off versus Mark Jankowski in River Frogs zone.
17:59 of 3rd period - Ondrej Kase is hit by Erik Cernak and loses puck.
18:22 of 3rd period - Snap shot by Justin Florek.
18:22 of 3rd period - Stopped by Mackenzie Blackwood with a rebound.
18:24 of 3rd period - Slapshot by Dillon Heatherington.
18:24 of 3rd period - Shot Misses the Net.
18:26 of 3rd period - Snap shot by Bobby Farnham.
18:26 of 3rd period - Shot Blocked by Andrew Mangiapane.
18:42 of 3rd period - Wrist shot by Christian Hanson.
18:42 of 3rd period - Stopped by Mackenzie Blackwood without a rebound.
18:43 of 3rd period - Mark Jankowski wins face-off versus Dominik Simon in Condors zone.
18:52 of 3rd period - Backhand shot by Mark Jankowski.
18:52 of 3rd period - Stopped by Thomas Greiss with a rebound.
18:54 of 3rd period - Slapshot by Christian Thomas.
18:54 of 3rd period - Condors goal is going for a video replay.
18:54 of 3rd period - The goal is good.
18:54 of 3rd period - Goal by Christian Thomas - River Frogs : 4 - Condors : 5.
18:55 of 3rd period - Frederik Gauthier wins face-off versus Christian Hanson in neutral zone.
19:05 of 3rd period - Icing by Timothy Kunes.
19:06 of 3rd period - Christian Hanson wins face-off versus Frederik Gauthier in River Frogs zone.
19:19 of 3rd period - River Frogs, Thomas Greiss is pulled from the net.
19:19 of 3rd period - Wrist shot by Emerson Etem.
19:19 of 3rd period - Stopped by Mackenzie Blackwood without a rebound.
19:20 of 3rd period - Brent Sutter call a timeout for River Frogs.
19:20 of 3rd period - Christian Hanson wins face-off versus Anton Slepyshev in Condors zone.
Goals for this period are 1 for River Frogs vs 3 for Condors.
Shots for this period are 10 for River Frogs vs 14 for Condors.